Map: Ruins of Endion

Players

Aspharr

  • Race: Zerg Zerg
  • League: Master

Miszu - Winner!

  • Race: Terran Terran
  • League: Master

VOD

Have the link to the VOD?

Description

Time

  • Played on: May 2, 2016, 3:17 p.m.
  • Length: 7:59
Show
View Real Time Build Order
Export as new Build Order

Aspharr Zerg 

Build Orders: Hatch First 

Get SALT Encoding   

  12  0:01  Drone  
  13  0:09  Drone  
  14  0:18  Overlord  
  14  0:24  Extractor, Drone  
  15  0:36  Drone x2  
  17  0:53  Hatchery  
  17  0:54  Drone  
  17  0:59  Extractor  
  17  1:02  Drone  
  17  1:17  Drone x2  
  19  1:20  Spawning Pool  
  18  1:27  Drone  
  19  1:41  Overlord  
  19  2:07  Queen  
  21  2:08  Zergling x2, Spine Crawler  
  21  2:09  Metabolic Boost, Zergling x4  
  21  2:15  Queen  
  23  2:19  Drone  
  27  2:22  Drone  
  27  2:27  Zergling x2  
  27  2:29  Drone  
  29  2:32  Drone  
  30  2:39  Drone  
  30  2:43  Drone  
  32  2:48  Queen  
  34  2:56  Overlord  
  34  3:02  Zergling x2  
  34  3:05  Lair  
  35  3:10  Drone  
  36  3:20  Drone x2  
  36  3:21  Extractor, Drone  
  36  3:24  Drone x3  
  41  3:31  Drone  
  41  3:32  Drone x2  
  44  3:37  Overlord  
  44  3:55  Overlord  
  43  3:56  Zergling x6  
  43  3:57  Drone x3  
  49  4:04  Spire  
  48  4:11  Zergling x4  
  50  4:21  Zergling x8  
  54  4:33  Zergling x6  
  54  4:37  Overlord  
  54  4:38  Zergling x2  
  58  4:48  Queen  
  59  5:00  Extractor, Drone x3  
  59  5:01  Extractor  
  59  5:02  Drone x3  
  63  5:08  Overlord  
  63  5:17  Mutalisk  
  62  5:28  Mutalisk x2  
  62  5:29  Mutalisk x2  
  62  5:33  Drone x2  
  72  5:42  Mutalisk  
  63  5:48  Drone x3  
  63  5:49  Drone  
  69  5:50  Mutalisk  
  71  6:02  Hatchery  
  69  6:07  Mutalisk x2  
  73  6:14  Drone x3  
  73  6:17  Overlord, Evolution Chamber  
  75  6:29  Overlord x2  
  75  6:38  Evolution Chamber  
  74  6:42  Baneling Nest  
  74  6:46  Overlord x2  
  73  6:47  Mutalisk x2  
  73  6:49  Zergling x8  
  81  6:56  Mutalisk  
  81  6:58  Overlord, Zergling x2  
  81  6:59  Zergling x2  
  85  7:09  Mutalisk  
  85  7:10  Mutalisk  
  85  7:11  Zergling x4  
  91  7:17  Drone x2  
  93  7:23  Drone x4  
  93  7:25  Drone  
  98  7:30  Overlord  
  98  7:32  Overlord x2  
  98  7:33  Drone x2  
Show
View Real Time Build Order
Export as new Build Order

Miszu Terran - Winner!

Build Orders: MMM Bio 

Get SALT Encoding   

  12  0:00  SCV  
  13  0:13  SCV  
  14  0:17  Supply Depot  
  14  0:25  SCV  
  15  0:39  SCV  
  15  0:41  Barracks  
  16  0:44  Refinery  
  16  0:51  SCV  
  17  0:59  Barracks  
  17  1:03  SCV  
  18  1:15  SCV  
  19  1:20  Barracks  
  19  1:28  Reaper  
  20  1:37  Orbital Command  
  20  1:45  Refinery  
  20  1:47  Reaper  
  20  1:54  Supply Depot  
  21  2:02  SCV  
  21  2:03  Reaper  
  24  2:15  SCV  
  24  2:17  Reaper  
  25  2:27  SCV  
  26  2:30  Reaper  
  27  2:38  Reaper  
  27  2:40  SCV  
  29  2:47  Command Center  
  29  2:52  SCV  
  29  2:56  Reaper  
  31  3:04  Supply Depot  
  31  3:07  Barracks Tech Lab  
  31  3:12  Reaper x2, SCV  
  34  3:24  SCV  
  35  3:28  Reaper  
  36  3:36  SCV  
  37  3:44  Reaper  
  38  3:48  SCV  
  39  3:56  Command Center  
  39  3:58  Barracks Tech Lab  
  39  3:59  Orbital Command  
  39  4:02  SCV  
  40  4:16  SCV  
  41  4:19  Barracks Reactor  
  41  4:20  Barracks Tech Lab  
  41  4:21  Stimpack  
  41  4:23  Marine  
  42  4:29  SCV x2  
  44  4:41  Marine, SCV  
  44  4:42  Factory, Marine  
  47  4:49  SCV  
  48  4:56  Marine x2  
  48  4:57  SCV  
  48  4:59  Marine x2, Combat Shields  
  52  5:02  SCV  
  52  5:05  Supply Depot  
  54  5:09  SCV  
  54  5:13  Orbital Command  
  54  5:14  Marine x2, SCV  
  57  5:21  SCV  
  57  5:26  SCV  
  58  5:29  Marine  
  58  5:30  Marine  
  58  5:32  Starport  
  58  5:33  Factory Reactor  
  58  5:34  SCV  
  58  5:35  Marine  
  61  5:38  SCV  
  62  5:43  Marine  
  62  5:44  SCV  
  62  5:46  SCV  
  62  5:47  Marine  
  66  5:50  SCV  
  66  5:51  Engineering Bay  
  66  5:53  Engineering Bay  
  66  5:55  Refinery x2  
  66  5:56  Supply Depot  
  67  6:06  Marine x4  
  71  6:13  SCV x2  
  71  6:15  Barracks  
  71  6:16  Barracks  
  71  6:18  Supply Depot, Factory Reactor  
  71  6:19  Orbital Command  
  71  6:22  Missile Turret  
  71  6:24  Marine  
  71  6:25  SCV  
  69  6:29  SCV  
  68  6:37  SCV  
  68  6:41  SCV  
  68  6:42  Marine  
  68  6:44  Medivac x2  
  68  6:46  SCV  
  70  6:48  Missile Turret  
  70  6:49  SCV, Missile Turret  
  70  6:53  SCV  
  72  6:56  Widow Mine x2  
  76  7:02  SCV  
  76  7:04  Missile Turret  
  71  7:10  SCV x2  
  71  7:14  SCV  
  74  7:16  Medivac x2  
  74  7:17  Barracks Reactor  
  74  7:22  SCV  
  79  7:23  SCV  
  79  7:24  Barracks Reactor, Marine  
  79  7:26  SCV  
  82  7:30  Marine x3  
  82  7:34  SCV  
  86  7:43  Armory  
  91  7:49  Supply Depot  
  91  7:50  Supply Depot x2  
Tags
 
Add a new tag
Caveats
  • Supply blocks, unpowered buildings, or Contaminate may cause inaccurate times.
  • Supply counts are checked every 10 seconds.